 Dungeon Crawl Stone Soup version 0.31-a0-848-gaac375c287 (console) character file.

Game seed: 10261317152126863480

225 capslocke the Changeling (level 6, -8/44 HPs)
             Began as a Merfolk Shapeshifter on Oct 5, 2023.
             Mangled by a lemure (9 damage)
             ... led by Pikel
             ... on level 4 of the Dungeon.
             The game lasted 00:10:26 (2675 turns).

capslocke the Changeling (Merfolk Shapeshifter)     Turns: 2675, Time: 00:10:27

Health: -8/44      AC:  2    Str: 16    XL:     6   Next: 1%
Magic:  6/6        EV: 13    Int:  9    God:
Gold:   130        SH:  4    Dex: 16    Spells: 5/5 levels left

rFire   . . .        j - +0 dagger (freeze)
rCold   + . .        t - +0 buckler of Gravitas {rC+ Dex+2}
rNeg    . . .        a - +0 animal skin
rPois   .            (helmet currently unavailable)
rElec   .            l - melded scarf {repulsion}
rCorr   .            (gloves currently unavailable)
SInv    .            (boots currently unavailable)
Will    .....        (no amulet)
Stlth   +            (no ring)
HPRegen 0.27/turn    (no ring)
MPRegen 0.10/turn

%: no passive effects
@: beast-form
A: beast (slay +3), (nimble swimmer 2), mertail
a: Begin Untransformation


You were on level 4 of the Dungeon.
You were a hulking beast.
You visited 1 branch of the dungeon, and saw 4 of its levels.

You collected 130 gold pieces.

Inventory:

Hand Weapons
 j - a +0 dagger of freezing (weapon)
 v - a +2 dagger of flaming
Armour
 a - a +0 animal skin (worn)
 k - a +0 helmet
 l - a scarf of repulsion (melded)
 m - a +0 pair of gloves
 t - the +0 buckler of Gravitas (worn) {rC+ Dex+2}
   (You found it on level 3 of the Dungeon)

   Dex+2:     It affects your dexterity (+2).
   rC+:       It protects you from cold.
Jewellery
 n - a ring of fire
Talismans
 c - a beast talisman (active)
 d - a flux talisman
Scrolls
 e - a scroll of fear {unknown}
 o - a scroll of identify
 p - a scroll of immolation {unknown}
 q - a scroll of torment
 r - a scroll of butterflies {unknown}
 s - a scroll of enchant armour {unknown}
 u - a scroll of acquirement {unknown}
Potions
 b - a potion of lignification
 g - a potion of berserk rage {unknown}
 h - a potion of heal wounds {unknown}
 i - a potion of enlightenment


   Skills:
 + Level 2.2 Fighting
 + Level 2.7 Short Blades
 + Level 4.0 Dodging
 + Level 4.4 Unarmed Combat
 + Level 5.4 Shapeshifting


You had 5 spell levels left.
You didn't know any spells.
Your spell library was empty.

Dungeon Overview and Level Annotations

Branches:
Dungeon (4/15)
 Temple: D:4-7

Altars:
The Shining One

Annotations:
D:4 Pikel, Sigmund


Innate Abilities, Weirdness & Mutations

You are a hulking beast.
Your limbs bulge with bestial killing power. (Slay +3)
((You are very nimble when in or above water. (Stealth+, EV+, Speed+++)))
Your lower body shifts to a powerful aquatic tail in water.


Message History

You barely miss the lemure. The lemure barely misses you.
You miss the lemure. The lemure closely misses you.
You closely miss the lemure. The lemure hits you but does no damage.
Pikel closely misses you.
You hit Pikel. You freeze Pikel.
Pikel is lightly wounded.
Pikel barely misses you. The lemure barely misses you.
You hit Pikel but do no damage.
Pikel is lightly wounded.
Pikel zaps a wand.
You resist with some effort.
You hit Pikel. You freeze Pikel.
Pikel is lightly wounded.
You float gracefully downwards.
The lemure barely misses you.
Pikel says, "Antaeus said I was his favorite kobold.
Me!"
Pikel misses you.
You hit Pikel but do no damage.
Pikel is lightly wounded.
You block the lemure's attack.
Pikel hits you with a +2 whip of flaming.
Pikel burns you.
You hit Pikel but do no damage.
Pikel is lightly wounded.
The lemure hits you.
You hit Pikel but do no damage.
Pikel is lightly wounded.
Pikel completely misses you.
You hit Pikel but do no damage.
Pikel is lightly wounded.
Your enlightenment fades.
Pikel barely misses you. The lemure closely misses you.
You hit Pikel but do no damage.
Pikel is lightly wounded.
Pikel zaps a wand.
You barely resist. The lemure hits you!
* * * LOW HITPOINT WARNING * * *
The lemure hits you.
* * * LOW HITPOINT WARNING * * *
You feel better.
Pikel zaps a wand.
Your mind is blasted!
* * * LOW HITPOINT WARNING * * *
The lemure hits you!
You die...

...... ### ###### #.......#
.# ....####....# #.......#
.#.
###..(.....h####.......##.#.
..........K555..........5...
######.######............
#.## #..........####
#..#####..........'...
##....##.......†..##..
#....##..........##..
##..K##.......#####..
#......###...# #..


You could see Pikel and 3 lemures.

Vanquished Creatures
  A lemure (D:4)
  A scorpion (D:4)
  Jessica (D:2)
  An iguana (D:3)
  4 adders
  2 dart slugs
  9 orcs
  6 ball pythons
  2 bats
  5 endoplasms
  2 giant cockroaches (D:1)
  5 goblins
  6 hobgoblins
  6 kobolds
  A quokka (D:2)
  6 frilled lizards
  5 rats
63 creatures vanquished.

Notes
Turn   | Place    | Note
-------+----------+-------------------------------------------
     0 | D:1      | capslocke the Merfolk Shapeshifter began the quest for the
                  | Orb.
     0 | D:1      | Reached XP level 1. HP: 15/15 MP: 1/1
   102 | D:1      | Reached XP level 2. HP: 18/21 MP: 2/2
   583 | D:2      | Reached XP level 3. HP: 23/26 MP: 3/3
   865 | D:2      | Reached skill level 5 in Shapeshifting
   978 | D:2      | Reached XP level 4. HP: 29/32 MP: 4/4
  1214 | D:2      | Noticed Jessica
  1220 | D:2      | Killed Jessica
  1221 | D:2      | Reached skill level 1 in Short Blades
  1589 | D:3      | Found a faded altar of an unknown god.
  1662 | D:3      | Reached XP level 5. HP: 25/38 MP: 5/5
  2119 | D:3      | Identified the +0 buckler of Gravitas {rC+ Dex+2}
  2207 | D:3      | Found a glowing golden altar of the Shining One.
  2454 | D:4      | Noticed a lemure
  2454 | D:4      | Noticed a lemure
  2508 | D:4      | Killed a lemure
  2605 | D:4      | Noticed Sigmund
  2634 | D:4      | Reached XP level 6. HP: 6/44 MP: 6/6
  2639 | D:4      | Noticed Pikel
  2674 | D:4      | HP: 2/44 [lemure[Pikel] (6)]
  2675 | D:4      | Mangled by a lemure

Illustrated notes

Levels and vault maps discovered:
D:1:      minmay_arrival_hallway, layout_rooms, minmay_misc_feat_rows
D:2:      layout_loops_ring, minmay_misc_feat_columns,
          minmay_misc_feat_secret_circle, serial_bayou_lagoon_a, hex_large,
          uniq_jessica
D:3:      layout_loops_ring, tso_altar, hellmonk_ecumenical_altar_zigzags,
          kennysheep_generic_room_9
D:4:      layout_basic, mainiacjoe_overflow_big_doors, uniq_pikel, uniq_sigmund

Skill      XL: |  1  2  3  4  5 |
---------------+----------------+-----
Dodging        | 3 4 |  4.0
Unarmed Combat | 4 |  4.4
Shapeshifting  | 5 |  5.4
Short Blades   | 1 2 |  2.7
Fighting       | 2 |  2.2

Action                     |  1- 3 |  4- 6 || total
---------------------------+-------+-------++-------
  Melee: Unarmed           |    40 |       ||    40
         Dagger            |    59 |   145 ||   204
         Punch             |     1 |     1 ||     2
    Use: Potion            |       |     3 ||     3
         Scroll            |       |     1 ||     1
   Stab: Sleeping          |       |     2 ||     2
 Armour: Animal skin       |    43 |    51 ||    94
  Dodge: Dodged            |    53 |    90 ||   143
  Block: Buckler           |       |     5 ||     5
         Form:             |     1 |       ||     1
         Beast             |     1 |       ||     1

Table legend: (Time is in decaauts)
 A = Elapsed time spent in this place.
 B = Non-inter-level travel time spent in this place.
 C = Inter-level travel time spent in this place.
 D = Time resting spent in this place.
 E = Time spent auto-exploring this place.
 F = Levels seen in this place.
 G = Mean time per level.
                   A        B        C        D        E       F      G
               +--------+--------+--------+--------+--------+-----+--------+
         Total |   2656 |   2595 |     61 |    246 |   1725 |   4 |  664.0 |
       Dungeon |   2656 |   2595 |     61 |    246 |   1725 |   4 |  664.0 |
               +--------+--------+--------+--------+--------+-----+--------+

Top non-repeatable levels by time:
     D:3: 937 daAuts
     D:2: 936 daAuts
     D:1: 517 daAuts
     D:4: 264 daAuts
